 Dungeon Crawl Stone Soup version 0.31.0-9-g3a7656b989 (webtiles) character file.

Game seed: 4410705107342077989

62 stipulation the Grave Robber (level 4, 0/21 HPs)
             Began as a Vine Stalker Necromancer on Jan 25, 2024.
             Slain by a gnoll
             ... wielding a +0 spear
              (4 damage)
             ... on level 2 of the Dungeon.
             The game lasted 00:03:01 (2017 turns).

stipulation the Grave Robber (VSNe)                 Turns: 2017, Time: 00:03:01

Health: 0/21       AC:  2    Str: 10    XL:     4   Next: 8%
Magic:  0/10       EV: 12    Int: 17    God:
Gold:   77         SH:  0    Dex: 15    Spells: 5/9 levels left

rFire   . . .        h - +3 dagger
rCold   . . .        (no shield)
rNeg    . . .        a - +0 robe
rPois   .            (no helmet)
rElec   .            (no cloak)
rCorr   .            (no gloves)
SInv    .            (no boots)
Will    .....        (no amulet)
Stlth   ++           (no ring)
HPRegen 1.03/turn    (no ring)
MPRegen 0.12/turn

%: guardian spirit
@: no status effects
A: fangs 2, regeneration 1, magic shield, antimagic bite, no potion heal 2
a: no special abilities


You were on level 2 of the Dungeon.
You visited 1 branch of the dungeon, and saw 3 of its levels.

You collected 77 gold pieces.

Inventory:

Hand Weapons
 h - a +3 dagger (weapon)
Armour
 a - a +0 robe (worn)
Talismans
 i - a flux talisman
Scrolls
 c - a scroll of noise {unknown}
 e - a scroll of acquirement {unknown}
 f - a scroll of blinking {unknown}
 g - a scroll of summoning {unknown}
 j - 2 scrolls of vulnerability {unknown}
 k - 2 scrolls of silence {unknown}
Potions
 b - a potion of magic
 d - 2 potions of attraction {unknown}
 l - a potion of lignification {unknown}


   Skills:
 - Level 1.5 Dodging
 - Level 2.4 Stealth
 + Level 3.4 Spellcasting
 + Level 4.8 Necromancy


You had 5 spell levels left.
You knew the following spells:

 Your Spells              Type           Power      Damage    Failure   Level
a - Necrotise             Necr           76%        1d7       2%          1
b - Vampiric Draining     Necr           19%        2d7       7%          3

Your spell library contained the following spells:

 Spells                   Type           Power      Damage    Failure   Level
 Animate Dead             Necr           19%        N/A       22%         4
 Curse of Agony           Necr           19%        N/A       54%         5


Dungeon Overview and Level Annotations

Branches:
Dungeon (3/15)

Altars:


Innate Abilities, Weirdness & Mutations

You have extremely sharp teeth.
Your natural rate of healing is unusually fast.
When hurt, damage is shared between your health and your magic reserves.
Your bite disrupts and absorbs the magic of your enemies.
Potions cannot restore your health.


Message History

Done exploring.
You see here 2 poisoned darts.
There is a stone staircase leading down here.
You climb downwards.
The kobold shouts!
The gnoll shouts! x3; The orc shouts!
The rat squeaks loudly.
You hear a shout!
The rat squeaks loudly.
The hobgoblin shouts!
You hear an angry hiss.
There is a stone staircase leading up here.
The gnoll hits you with a +0 spear!
The gnoll hits you from afar with a +0 spear.
The orc hits you with a +0 dagger.
You climb upwards.
There is a stone staircase leading down here.
Sorry, you're not good enough to have a special ability.
Casting: Necrotise (safe; 2% risk of failure)
Confirm with . or Enter, or press ? or * to list all spells.
Aiming: Vampiric Draining (quite dangerous; 7% risk of failure)
Press: ? - help, Shift-Dir - straight line, f - orc
Aim: an orc, wielding a +0 dagger and wearing a +0 leather armour You draw life force from the orc.
You feel life coursing into your body. The gnoll barely misses you.
The orc hits you but does no damage.
Casting: Vampiric Draining (quite dangerous; 7% risk of failure)
Confirm with . or Enter, or press ? or * to list all spells.
You don't have enough magic to cast this spell.
Casting: Vampiric Draining (quite dangerous; 7% risk of failure)
Confirm with . or Enter, or press ? or * to list all spells.
Aiming: Necrotise (safe; 2% risk of failure)
Press: ? - help, Shift-Dir - straight line, f/p - orc
Aim: an orc, wielding a +0 dagger and wearing a +0 leather armour (moderately wounded, chance to affect: 89%)
The orc writhes in agony.
You kill the orc!
The dead are walking!
The gnoll hits you with a +0 spear!
You closely miss the gnoll. You bite the gnoll, but do no damage.
The gnoll hits you with a +0 spear!
* * * LOW HITPOINT WARNING * * *
Okay, then.
You hit the gnoll. You bite the gnoll, but do no damage.
The gnoll is lightly wounded.
The gnoll hits you with a +0 spear.
You die...

########.#
########.############
....................#
.#######.##########.#
.# #.........##.# .#
#..######.##.# .#
#..# #.##.#
.#######..######.##(#
...............Z@...#
########.......#g####
.(.......#####.#.#
.#<.###..#####.#.#
.............#.#.#
.........###.#.#.#
.........#.....#.#
.##+#+#..#.#.###.#
.##.#.#..#.#.# #.#


You could see a gnoll (ally target) and a friendly orc skeleton.

Vanquished Creatures
  An adder (D:2)
  A dart slug (D:1)
  An orc (D:2)
  8 endoplasms
  5 goblins
  5 hobgoblins
  3 jackals (D:1)
  2 quokkas
  A ball python (D:2)
  5 bats
  2 frilled lizards (D:2)
  4 kobolds
  5 rats
43 creatures vanquished.

Vanquished Creatures (collateral kills)
  A jackal (D:1)
1 creature vanquished.

Grand Total: 44 creatures vanquished

Notes
Turn   | Place    | Note
-------+----------+-------------------------------------------
     0 | D:1      | stipulation the Vine Stalker Necromancer began the quest
                  | for the Orb.
     0 | D:1      | Reached XP level 1. HP: 9/9 MP: 4/4
    13 | D:1      | Found a faded altar of an unknown god.
   230 | D:1      | Reached XP level 2. HP: 13/13 MP: 3/6
   611 | D:1      | Reached XP level 3. HP: 16/16 MP: 5/8
  1470 | D:2      | Learned a level 3 spell: Vampiric Draining
  1749 | D:2      | Reached XP level 4. HP: 21/21 MP: 7/10
  2017 | D:2      | Slain by a gnoll

Illustrated notes

Levels and vault maps discovered:
D:1:      tarquinn_simple_flora_water_a, layout_rooms,
          shapermc_ecumenical_altar_venn
D:2:      layout_basic
D:3:      layout_rooms, mainiacjoe_overflow_alcove_1,
          lemuel_zombie_altar_yredelemnul, okawaru_altar_gauntlet_db

Skill      XL: |  1  2  3 |
---------------+----------+-----
Spellcasting   | 3 |  3.4
Dodging        | |  1.5
Stealth        | |  2.4
Necromancy     | |  4.8

Action                     |  1- 3 |  4- 6 || total
---------------------------+-------+-------++-------
  Melee: Unarmed           |    20 |       ||    20
         Bite              |     3 |     2 ||     5
         Dagger            |       |     2 ||     2
   Cast: Necrotise         |    74 |     4 ||    78
         Vampiric Draining |       |     1 ||     1
 Armour: Robe              |    17 |     7 ||    24
  Dodge: Dodged            |    21 |     1 ||    22
